 Dungeon Crawl Stone Soup version 0.17-a0-1738-g82cdc46 (webtiles) character file.

3040 kae the Basher (level 9, -6/56 HPs)
             Began as a Demonspawn Fighter on Aug 30, 2015.
             Was a Priest of Makhleb.
             Mangled by a profane servitor
             ... wielding a +1 whip
              (12 damage)
             ... on level 1 of the Abyss.
             The game lasted 00:13:53 (8325 turns).

kae the Basher (Demonspawn Fighter)                 Turns: 8325, Time: 00:13:53

Health: -6/56      AC: 16    Str: 19    XL:     9   Next: 56%
Magic:  0/8        EV:  7    Int:  9    God:    Makhleb [***...]
Gold:   90         SH:  0    Dex: 16    Spells: 0 memorised, 8 levels left

rFire  . . .     SeeInvis .     k - +0 dire flail
rCold  . . .     Rnd*Rage +     x - +4 chain mail
rNeg   . . .     SustAt   .     (no shield)
rPois  .         Gourm    .     (helmet restricted)
rElec  .         Spirit   +     (no cloak)
rCorr  .         Warding  .     E - +2 pair of gloves
rMut   .         Rnd*Tele +     m - +2 pair of boots {Stlth+}
MR     .....                    (no amulet)
Stlth  +.........               n - ring of wizardry
                                (no ring)

@: wreathed by umbra, not resistant to hostile enchantments, very unstealthy
A: horns 1, talons 1, icy blue scales 1, berserk 1, blink 1, blurry vision 1,
deformed body, frail 1, low mp 1, nightstalker 2, strong 1, teleportitis 1,
magic shield
a: Blink, Minor Destruction, Lesser Servant of Makhleb, Renounce Religion


You were on level 1 of the Abyss.
You worshipped Makhleb.
Makhleb was most pleased with you.
You were hungry.

You visited 2 branches of the dungeon, and saw 10 of its levels.
You visited the Abyss 1 time.
You also visited: Sewer.

You collected 584 gold pieces.
You spent 494 gold pieces at shops.

Inventory:

Hand weapons
 a - a +1 flail
 k - a +0 dire flail (weapon)
Armour
 m - a +2 pair of boots of stealth (worn)
 x - a +4 chain mail (worn)
 E - a +2 pair of gloves (worn)
Jewellery
 n - a ring of wizardry (right hand)
 D - an uncursed ring of fire
Magical devices
 b - a wand of fireball (8)
 i - a wand of magic darts (23)
 t - a wand of random effects (25)
 v - a wand of teleportation (5)
 w - a wand of polymorph (12)
 y - a wand of fire (6)
 F - a wand of random effects (22)
Scrolls
 e - a scroll of blinking
 g - 5 scrolls of remove curse
 s - 4 scrolls of noise
 A - a scroll of enchant weapon
 C - a scroll of teleportation
Potions
 d - a potion of flight
 h - a potion of cure mutation
 j - 6 potions of curing
 l - a potion of agility
 o - a potion of might
 p - a potion of invisibility
 q - a potion of cancellation
 G - a potion of lignification {unknown}
Books
 f - a book of the Earth

   Spells                             Type                      Level
   a - Leda's Liquefaction            Hexes/Earth                  4
   b - Bolt of Magma                  Conjuration/Fire/Earth       5
   c - Statue Form                    Transmutation/Earth          6
   d - Iron Shot                      Conjuration/Earth            6
   e - Shatter                        Earth                        9
Comestibles
 r - 7 meat rations
 u - a beef jerky
 z - 10 bread rations


   Skills:
 - Level 3.0 Fighting
 + Level 12.1 Maces & Flails
 - Level 2.6 Armour
   Level 2.6 Shields


You had 8 spell levels left.
You didn't know any spells.

Dungeon Overview and Level Annotations

Branches:
Dungeon (9/15)             Temple (1/1) D:4
   Lair: D:8-11         Orc: D:9-12

Altars:
Ashenzari
Cheibriados
Dithmenos
Elyvilon
Fedhas
Gozag
Kikubaaqudgha
Makhleb
Nemelex Xobeh
Okawaru
Qazlal
Ru
Sif Muna
Trog
Vehumet
Xom
Yredelemnul
Zin
The Shining One

Shops:
D:6 }   D:8 :   D:9 [


Innate Abilities, Weirdness & Mutations

You have sharp toenails.
You are partially covered in icy blue scales (AC +1).
You are significantly more attuned to the shadows.
When hurt, damage is shared between your health and your magic reserves.
You have a pair of small horns on your head.
You can translocate small distances at will.
Your muscles are strong. (Str +2)
[You tend to lose your temper in combat.]
[Scrolls take you a little longer to read.]
[Armour fits poorly on your strangely shaped body.]
[You are frail (-10% HP).]
[Your magical capacity is low (-10% MP).]
[You are occasionally teleported to nearby monsters.]


Message History

The profane servitor hits you with an enchanted whip!
* * * LOW HITPOINT WARNING * * *
The profane servitor hits you with an enchanted whip.
* * * LOW HITPOINT WARNING * * *
The spider hisses angrily.
The human changes into a crocodile!
The profane servitor hits you with an enchanted whip.
* * * LOW HITPOINT WARNING * * *
The profane servitor barely misses you.
The basilisk falls off the wall.
The spider changes into a basilisk!
The sky beast flickers out of sight!
Deactivating autopickup; reactivate with Ctrl-A.
The profane servitor hits you with an enchanted whip.
* * * LOW HITPOINT WARNING * * *
The profane servitor hits you but does no damage.
The wretched star pulses with an eldritch light!
You feel a little pissed off.
Your vision blurs.
The basilisk twists and deforms.
The profane servitor hits you with an enchanted whip!
You die...

# ..#t...# ...
# # #...####..#
.######...#...#
.. #...#l{.# ..
..##.##.# ..#
#*...# ..
##.###.# ##A##
#@## #...#
..#..# #.#..##
... ... ## ..#.


You could see a profane servitor and a wretched star.

Vanquished Creatures
  Grinder (D:5)
  A spriggan (D:7)
  A hippogriff (D:9)
  Edmund (D:6)
  3 orc warriors
  An ice beast (D:8)
  2 phantoms
  2 ogres
  A black bear (D:7)
  A big kobold (Sewer)
  A centaur (D:6)
  2 giant frogs
  A gnoll sergeant (D:9)
  4 scorpions
  5 crimson imps
  4 orc priests
  A hound (D:8)
  A quasit (D:7)
  A centaur zombie (D:5)
  A giant frog skeleton (D:7)
  A jelly (D:8)
  2 centaur skeletons
  4 worker ants
  2 iguanas
  7 orc wizards
  A killer bee zombie (D:8)
  A hound skeleton (D:7)
  3 gnolls (D:9)
  3 river rats (Sewer)
  6 adders
  2 shadow imps
  3 worms (D:2)
  5 giant geckos
  11 orcs
  5 bats
  10 giant cockroaches
  9 goblins
  11 hobgoblins
  8 jackals
  10 kobolds
  4 quokkas
  4 ball pythons (D:5)
  A giant gecko zombie (D:5)
  4 giant newts
  A jackal skeleton (D:5)
  A quokka skeleton (D:4)
  9 rats
163 creatures vanquished.

Notes
Turn   | Place    | Note
--------------------------------------------------------------
     0 | D:1      | kae the Demonspawn Fighter began the quest for the Orb.
     0 | D:1      | Reached XP level 1. HP: 18/18 MP: 1/1
   277 | D:1      | Gained mutation: You are slightly more attuned to the shadows. [demonic ancestry]
   277 | D:1      | Reached XP level 2. HP: 20/24 MP: 2/2
   849 | D:2      | Gained mutation: When hurt, damage is shared between your health and your magic reserves. [demonic ancestry]
   849 | D:2      | Reached XP level 3. HP: 16/29 MP: 3/3
  1630 | D:2      | Reached XP level 4. HP: 20/35 MP: 4/4
  1806 | D:3      | Reached skill level 4 in Maces & Flails
  2084 | D:4      | Found a staircase to the Ecumenical Temple.
  2151 | Temple   | Entered the Ecumenical Temple
  2260 | Temple   | Became a worshipper of Makhleb the Destroyer
  2320 | D:4      | Noticed a phantom
  2382 | D:4      | Killed a phantom
  2382 | D:4      | Reached skill level 5 in Maces & Flails
  2382 | D:4      | Gained mutation: You have sharp toenails. [demonic ancestry]
  2382 | D:4      | Reached XP level 5. HP: 18/41 MP: 1/5
  2957 | D:4      | Gained mutation: You are partially covered in icy blue scales (AC +1). [demonic ancestry]
  2957 | D:4      | Reached XP level 6. HP: 47/47 MP: 6/6
  3488 | D:4      | Reached skill level 6 in Maces & Flails
  3650 | D:5      | Entered Level 5 of the Dungeon
  3751 | D:5      | Noticed Grinder
  3760 | D:5      | Acquired Makhleb's first power
  3765 | D:5      | Killed Grinder
  3765 | D:5      | Reached skill level 7 in Maces & Flails
  3765 | D:5      | Gained mutation: You are significantly more attuned to the shadows. [demonic ancestry]
  3765 | D:5      | Reached XP level 7. HP: 52/52 MP: 7/7
  3778 | D:5      | Found a sacrificial altar of Ru.
  3865 | D:5      | Found a sparkling altar of Nemelex Xobeh.
  4005 | D:5      | Found a glowing drain.
  4015 | Sewer    | Entered a sewer
  4091 | Sewer    | Reached skill level 8 in Maces & Flails
  4093 | Sewer    | Acquired Makhleb's second power
  4122 | Sewer    | Found a white marble altar of Elyvilon.
  5016 | D:6      | Gained mutation: You can translocate small distances at will. [potion of mutation]
  5016 | D:6      | Gained mutation: Your muscles are strong. (Str +2) [potion of mutation]
  5016 | D:6      | Gained mutation: You have a pair of small horns on your head. [potion of mutation]
  5026 | D:6      | Reached XP level 8. HP: 20/58 MP: 2/8
  5227 | D:6      | Reached skill level 9 in Maces & Flails
  5570 | D:6      | Noticed Edmund
  5581 | D:6      | Killed Edmund
  5802 | D:6      | Found Pirid Hete's Gadget Boutique.
  5808 | D:6      | Bought a wand of teleportation (2) for 234 gold pieces
  6107 | D:7      | Reached skill level 10 in Maces & Flails
  6706 | D:8      | Acquired Makhleb's third power
  6706 | D:8      | Reached XP level 9. HP: 61/63 MP: 9/9
  7274 | D:8      | Found Miexobap's Book Emporium.
  7296 | D:8      | Reached skill level 11 in Maces & Flails
  8105 | D:9      | Found Ahifragg's Antique Armour Shoppe.
  8111 | D:9      | Bought a pair of runed boots for 130 gold pieces
  8111 | D:9      | Bought a pair of embroidered gloves for 130 gold pieces
  8177 | D:9      | Reached skill level 12 in Maces & Flails
  8185 | D:9      | Cast into the Abyss (gnoll)
  8272 | Abyss:1  | Noticed a fire drake
  8282 | Abyss:1  | Noticed a harpy
  8282 | Abyss:1  | a fire drake changed into a harpy
  8284 | Abyss:1  | a harpy changed into a human
  8290 | Abyss:1  | Noticed a profane servitor
  8312 | Abyss:1  | Noticed a wretched star
  8325 | Abyss:1  | Mangled by a profane servitor

Vault maps used:
D:1:      dpeg_arrival_line_fractal
D:2:      minmay_close_crescents
D:3:      first_bread
D:4:      minmay_temple_entry_purple_smoke
D:5:      nicolae_overflow_hidden_temple, portal_sewer_entry_e, basic_altar,
          uniq_grinder
D:6:      serial_shops, nicolae_shop_trees, corner_web_ring, uniq_edmund
D:7:      the_bakery
D:8:      serial_shops, nicolae_shop_trees
D:9:      serial_shops, nicolae_shop_overgrown_old_shop, basic_altar,
          minivault_11
Temple:   grunt_circular_temple_18
Sewer:    sewer_kobolds

Action                   |  1- 3 |  4- 6 |  7- 9 || total
-------------------------+-------+-------+-------++-------
Melee: Flail             |   172 |   194 |   147 ||   513
       Dire flail        |       |       |   240 ||   240
Invok: Minor Destruction |       |       |     1 ||     1
  Use: Potion            |       |     7 |     8 ||    15
       Scroll            |       |       |    16 ||    16
 Stab: Sleeping          |       |       |     7 ||     7
       Invisible         |       |       |     2 ||     2
  Eat: Chunk             |     1 |     3 |    12 ||    16
       Bread ration      |     1 |       |       ||     1
       Royal jelly       |       |       |     2 ||     2
